Description

yeeet

Build Order

Get SALT Encoding   

  12  0:18  Spawning Pool  Drone to 14 then overlord
  14  0:43  Overlord  hatchery then lings till 18
  14  1:06  Zergling, Hatchery  LINGS TILL 18
  18  1:33  Queen  DRONES
  22  2:17  Queen  
  22  2:18  Queen  
  28  2:37  Overlord  
  28  2:38  Extractor  
  28  3:04  Hatchery  
  43  3:51  Metabolic Boost  LINGS
Spawning Tool Build Advisor. Get it on Overwolf

Go to:

Details

  • Created by: simonrcollins99@gmail.com
  • Published on: Sep 28, 2023
  • Modified on: Sep 28, 2023
  • Patch: 5.0.11
  • Difficulty: Easy
Show
View Real Time Build Order
Export as new Build Order

Comments (0)

There are no comments. Be the first!

Create an account to comment!